 Dungeon Crawl Stone Soup version 0.31-a0-187-gba352fbbf7 (webtiles) character file.

Game seed: 4875878065650942467

58 qw the Shooter (level 3, -6/20 HPs)
             Began as a Deep Elf Hunter on June 22, 2023.
             Killed by nerve-wracking pain
             ... invoked by Grinder
              (14 damage)
             ... on level 3 of the Dungeon.
             The game lasted 00:00:32 (1390 turns).

qw the Shooter (Deep Elf Hunter)                    Turns: 1390, Time: 00:00:32

Health: -6/20      AC: 12    Str: 10    XL:     3   Next: 76%
Magic:  5/5        EV: 11    Int: 13    God:
Gold:   128        SH:  0    Dex: 18    Spells: 2/2 levels left

rFire   + . .        Y - +0 shortbow
rCold   + . .        (shield currently unavailable)
rNeg    . . .        g - +2 ring mail {rC+}
rPois   .            h - +0 helmet
rElec   .            (no cloak)
rCorr   .            c - +0 pair of gloves
SInv    .            b - +2 pair of boots
Will    .....        (no amulet)
Stlth   +            j - ring of protection from fire
HPRegen 0.23/turn    (no ring)
MPRegen 0.09/turn

%: no passive effects
@: no status effects
A: no striking features
a: no special abilities


You were on level 3 of the Dungeon.
You visited 1 branch of the dungeon, and saw 3 of its levels.

You collected 128 gold pieces.


   Skills:
 - Level 1.5 Fighting
 + Level 7.2 Ranged Weapons
 - Level 2.4 Dodging
 - Level 1.2 Stealth


You had 2 spell levels left.
You didn't know any spells.
Your spell library was empty.

Inventory:

Hand Weapons
 Y - a +0 shortbow (weapon)
Armour
 b - a +2 pair of boots (worn)
 c - a +0 pair of gloves (worn)
 g - a +2 ring mail of cold resistance (worn)
 h - a +0 helmet (worn)
Jewellery
 j - a ring of protection from fire (left hand)
Scrolls
 a - a scroll of identify
Potions
 d - a potion of ambrosia {unknown}

Dungeon Overview and Level Annotations

Branches:
Dungeon (3/15)

Altars:

Shops:
D:1 (:==

Annotations:
D:3 Grinder


Message History

You resist with significant effort.
You shoot an arrow.
The arrow hits Grinder but does no damage.
Grinder is lightly wounded.
Grinder says, "Just stop there for a second..."
You shoot an arrow. The arrow closely misses Grinder.
Grinder gestures at you.
You barely resist. You shoot an arrow. The arrow hits Grinder.
Grinder is moderately wounded.
You shoot an arrow.
The arrow hits Grinder but does no damage.
Grinder is moderately wounded.
You shoot an arrow.
The arrow hits Grinder but does no damage.
Grinder is moderately wounded.
Grinder closely misses you.
You shoot an arrow. The arrow hits Grinder!
Grinder is heavily wounded.
Grinder hits you but does no damage.
You shoot an arrow. The arrow hits Grinder!
Grinder is severely wounded.
Grinder misses you.
You shoot an arrow. The arrow closely misses Grinder.
Grinder hits you but does no damage.
You shoot an arrow. The arrow barely misses Grinder.
Grinder hits you.
You writhe in agony.
You shoot an arrow. The arrow barely misses Grinder.
Grinder hits you.
You shoot an arrow.
The arrow hits Grinder but does no damage.
Grinder is severely wounded.
Grinder gestures at you. Pain shoots through your body!
Grinder hits you but does no damage.
You shoot an arrow. The arrow hits Grinder!
Grinder is almost dead.
Grinder gestures at you. Pain shoots through your body!
Ouch! That really hurt!
You die...

..... .# ..>..
.# ...... ..
......###.# .
........#.# ...
.#....#.#.##....
................
#.@5).#
#.#.#...# #.#.#
... #.#.$ .
#.#... #.#.###
#.#.# .. #.#.#
....###.#.#


You could see Grinder.

Vanquished Creatures
  An adder (D:2)
  A worm (D:2)
  A dart slug (D:2)
  2 ball pythons (D:1)
  5 bats
  5 endoplasms
  A giant cockroach (D:2)
  2 goblins (D:2)
  6 hobgoblins
  3 jackals (D:1)
  2 quokkas
  5 frilled lizards
  3 kobolds (D:1)
  3 rats
40 creatures vanquished.

Notes
Turn   | Place    | Note
-------+----------+-------------------------------------------
     0 | D:1      | qw the Deep Elf Hunter began the quest for the Orb.
     0 | D:1      | Reached XP level 1. HP: 12/12 MP: 3/3
     0 | D:1      | 0 ||| qw: Version: 0.3-a-9-g12657ce
     0 | D:1      | 0 ||| qw: Game counter: 2343
     0 | D:1      | 0 ||| qw: Always use a shield: true
     0 | D:1      | 0 ||| qw: God list: Okawaru
     0 | D:1      | 0 ||| qw: Allow faded altars: false
     0 | D:1      | 0 ||| qw: Do Orc after D:15 true
     0 | D:1      | 0 ||| qw: Do second Lair branch before Depths: true
     0 | D:1      | 0 ||| qw: Lair rune preference: random
     0 | D:1      | 0 ||| qw: Plans: Normal
     0 | D:1      | 0 ||| PLANNING D:1-11
    19 | D:1      | Found Xocarulu's Jewellery Shop.
    29 | D:1      | 29 ||| SHOPLISTING +6 ring of strength (396 gold, have 0).
    29 | D:1      | 29 ||| SHOPLISTING ring of resist corrosion (220 gold, have
                  | 0).
    29 | D:1      | 29 ||| SHOPLISTING ring of see invisible (165 gold, have
                  | 0).
    29 | D:1      | 29 ||| SHOPLISTING ring of the Hare {EV+10} (1408 gold,
                  | have 0).
    29 | D:1      | 29 ||| SHOPLISTING ring of willpower (275 gold, have 0).
    86 | D:1      | Reached XP level 2. HP: 16/16 MP: 4/4
    89 | D:1      | Reached skill level 6 in Ranged Weapons
   116 | D:1      | Found Emuutol's Jewellery Shop.
   120 | D:1      | 120 ||| SHOPLISTING +6 ring of strength (432 gold, have
                  | 19).
   120 | D:1      | 120 ||| SHOPLISTING amulet of regeneration (360 gold, have
                  | 19).
   120 | D:1      | 120 ||| SHOPLISTING amulet of the acrobat (360 gold, have
                  | 19).
   120 | D:1      | 120 ||| SHOPLISTING ring of fire (300 gold, have 19).
   120 | D:1      | 120 ||| SHOPLISTING ring of positive energy (240 gold, have
                  | 19).
   120 | D:1      | 120 ||| SHOPLISTING ring of resist corrosion (240 gold,
                  | have 19).
   120 | D:1      | 120 ||| SHOPLISTING ring of see invisible (180 gold, have
                  | 19).
   201 | D:1      | Found Peen's Antique Weapon Emporium.
   213 | D:1      | 213 ||| SHOPLISTING smoking sling (130 gold, have 41).
   613 | D:1      | Found Ucluo's Book Shop.
   621 | D:1      | 621 ||| UPGRADING to +2 ring mail of cold resistance.
   631 | D:1      | 631 ||| DROPPING +0 leather armour.
   632 | D:1      | 632 ||| UPGRADING to +0 helmet.
   637 | D:1      | 637 ||| UPGRADING to ring of protection from fire.
   638 | D:1      | 638 ||| READING scroll labelled QUHANA ZAUPH.
   639 | D:1      | 639 ||| READING scroll labelled ZUFRAM EXIWOSO.
   644 | D:1      | 644 ||| READING 2 scrolls labelled LUIMEWUQAET.
   645 | D:1      | 645 ||| DROPPING scroll of butterflies.
   646 | D:1      | 646 ||| DROPPING scroll of immolation.
   680 | D:2      | Reached XP level 3. HP: 20/20 MP: 5/5
   971 | D:2      | Reached skill level 7 in Ranged Weapons
  1251 | D:2      | 1251 ||| UPGRADING to +2 pair of boots.
  1256 | D:2      | 1256 ||| UPGRADING to +0 pair of gloves.
  1261 | D:2      | 1261 ||| READING 3 scrolls labelled COPNIA GIURCH.
  1262 | D:2      | 1262 ||| READING scroll labelled KEANKUTONUI.
  1263 | D:2      | 1263 ||| DRINKING 2 smoky white potions.
  1302 | D:2      | 1302 ||| DROPPING 2 scrolls of fear.
  1303 | D:2      | 1303 ||| DROPPING potion of lignification.
  1377 | D:3      | Noticed Grinder
  1390 | D:3      | Killed from afar by Grinder

Levels and vault maps discovered:
D:1:      nzn_arrival_depleted_hourglass, layout_basic, serial_shops, shop,
          shop, shop, nicolae_shop_stone
D:2:      layout_loops_cross, serial_glass, glass_columns_a, glass_columns_b,
          minmay_misc_feat_rows
D:3:      minmay_wonky_spiral, layout_basic, basic_ecumenical_altar,
          uniq_natasha, uniq_grinder

Skill      XL: |  1  2  3 |
---------------+----------+-----
Ranged Weapons | 6 7 |  7.2
Fighting       | |  1.5
Dodging        | |  2.4
Stealth        | |  1.2

Action                     || total
---------------------------++-------
   Fire: Shortbow          ||   114
    Use: Scroll            ||     5
         Potion            ||     1
 Armour: Leather armour    ||     1
         Ring mail         ||    16
  Dodge: Dodged            ||    18

Table legend:
 A = Non-vault XP
 B = Vault XP
 C = Vault XP percentage of total XP
 D = Non-vault monster count
 E = Vault monster count
 F = Vault count percentage of total count
                 A         B        C        D         E       F
            +---------+---------+-------+---------+---------+-------
      Total |      84 |       0 |   0.0 |      40 |       0 |   0.0
            +---------+---------+-------+---------+---------+-------
        D:1 |      34 |       0 |   0.0 |      21 |       0 |   0.0
        D:2 |      46 |       0 |   0.0 |      17 |       0 |   0.0
        D:3 |       4 |       0 |   0.0 |       2 |       0 |   0.0
            +---------+---------+-------+---------+---------+-------
